 Dungeon Crawl Stone Soup version 0.20-a0-830-g2c9a30d (webtiles) character file.

3 4thArraOfDagon the Scratcher (level 1, -4/9 HPs)
             Began as a Felid Wanderer on Mar 6, 2017.
             Slain by an orc priest
             ... wielding a +0 trident
              (6 damage)
             ... on level 4 of the Dungeon.
             The game lasted 00:01:03 (147 turns).

4thArraOfDagon the Scratcher (Felid Wanderer)        Turns: 147, Time: 00:01:04

Health: -4/9       AC:  1    Str: 10    XL:     1   Next: 41%
Magic:  2/2        EV: 15    Int: 13    God:
Gold:   48         SH:  0    Dex: 13    Spells: 0/0 levels left
                                        Lives:  0   Deaths: 0

rFire    . . .     SeeInvis +     - Unarmed
rCold    . . .     Gourm    .   (armour unavailable)
rNeg     . . .     Faith    .   (shield unavailable)
rPois    .         Spirit   .   (helmet unavailable)
rElec    .         Reflect  .   (cloak unavailable)
rCorr    .         Harm     .   (gloves unavailable)
MR       .....                  (boots unavailable)
Stlth    +++.......             (no amulet)
Regen    0.1/turn               (no ring)
MPRegen  0.1/turn               (no ring)

@: lethally poisoned (-4 -> -15), very slightly contaminated, hasted, very quick
A: no armour, no weapons or thrown items, stealth, claws 1, fangs 3, see
invisible, carnivore 3, speed 1, shaggy fur 1, slow metabolism 1, sharp paws
a: no special abilities


You were on level 4 of the Dungeon.
You were not hungry.

You visited 1 branch of the dungeon, and saw 4 of its levels.

You collected 48 gold pieces.

Inventory:

Scrolls
 b - a scroll of blinking
 e - a scroll of identify {unknown}
 f - a scroll of random uselessness {unknown}
Potions
 a - a potion of haste
 c - 2 potions of lignification
Comestibles
 d - a meat ration


   Skills:
 - Level 2.0 Fighting
 + Level 0.3 Dodging
 + Level 4.0 Stealth
 * Level 4.1 Unarmed Combat
   Level 1.1 Evocations


You couldn't memorise any spells.
You didn't know any spells.

Dungeon Overview and Level Annotations

Branches:
Dungeon (4/15)
 Temple: D:4-7

Altars:

Portals:
Sewer: D:4


Innate Abilities, Weirdness & Mutations

You cannot wear armour.
You are incapable of wielding weapons or throwing items.
Your paws allow you to move quietly. (Stealth)
You have sharp claws.
You have razor-sharp teeth.
You have supernaturally acute eyesight. (SInv)
You are carnivorous and can eat meat at any time.
You cover ground quickly.
You are covered in fur. (AC +1)
You have a slow metabolism.
Your sharp claws are effective at attacking unaware monsters.


Message History

Unknown command.
An ice beast comes into view.
Unknown command.
An orc priest comes into view. It is wielding a trident.
The orc priest shouts!
An orc comes into view. It is wielding a whip.
Unknown command.
Unknown command.
You feel yourself speed up. The orc barely misses you. The adder bites you.
You are lethally poisoned!
The adder poisons you!
You are very lightly contaminated with residual magic.
Unknown command.
Unknown command.
An orc priest comes into view. It is wielding a hand axe.
* * * LOW HITPOINT WARNING * * *
You feel sick.
The orc priest hits you from afar with a trident.
Ouch! That really hurt!
You die...

>. .. .. .. #. .. ..
###.. ....#####.##...r
##..............
.....##.#.....##
#.#............## #
#.............[.#.# .
#.@##.#......<.....
...o...#.o.#.........#..
......o#S#...........#
$..###.YS............#
.. #..##+##........... #
#....#SS≈#.........#.
......#s≈≈#...........
#......#≈∩≈#...........
#......#≈≈S#...........


You could see 2 orc priests, 3 adders, an orc, a giant cockroach and a ball
python.

Vanquished Creatures
  A kobold (D:1)
  A bat (D:2)
  2 rats
4 creatures vanquished.

Notes
Turn   | Place    | Note
-------+----------+-------------------------------------------
     0 | D:1      | 4thArraOfDagon the Felid Wanderer began the quest for the Orb.
     0 | D:1      | 4thArraOfDagon set off with: a potion of haste, a scroll of blinking, 2 potions of lignification, a meat ration
     0 | D:1      | Reached XP level 1. HP: 9/9 MP: 2/2
   134 | D:4      | Found a glowing drain.
   141 | D:4      | Noticed an ice beast
   143 | D:4      | Noticed an orc priest
   147 | D:4      | Noticed an orc priest
   147 | D:4      | Slain by an orc priest

Vault maps used:
D:1:      dpeg_arrival_arbitrary_c
D:2:      old_standard_altar, first_bread, minmay_tromino_mix6
D:4:      gup_sewer_entry_glass, uniq_robin, uniq_natasha

Action                   || total
-------------------------++-------
Melee: Unarmed           ||     6
  Use: Potion            ||     1
 Stab: Sleeping          ||     1
  Eat: Chunk             ||     1
Dodge: Dodged            ||     8
